 Dungeon Crawl Stone Soup version 0.17.1-3-g152610e (webtiles) character file.

2278 Gargoyl the Protected (level 9, -1/69 HPs)
             Began as a Demonspawn Abyssal Knight on Mar 20, 2016.
             Was an Elder of Lugonu.
             Succumbed to a killer bee's poison
             ... on level 6 of the Dungeon.
             The game lasted 00:14:39 (8281 turns).

Gargoyl the Protected (Demonspawn Abyssal Knight)   Turns: 8281, Time: 00:14:39

Health: -1/69      AC: 13    Str: 21      XL:     9   Next: 16%
Magic:  10/10      EV:  6    Int: 14      God:    Lugonu [****..]
Gold:   234        SH:  0    Dex: 10 (14) Spells: 0 memorised, 8 levels left

rFire  + + .     SeeInvis +     F - +0 broad axe (elec)
rCold  + + .     Clarity  .     k - +0 plate armour
rNeg   . . .     SustAt   .     (no shield)
rPois  +         Gourm    .     (no helmet)
rElec  +         Spirit   .     l - +0 cloak
rCorr  +         Warding  .     (no gloves)
rMut   .         Stasis   .     (no boots)
MR     +....                    (no amulet)
Stlth  ..........               m - ring of protection from magic
                                C - ring of see invisible

@: mighty, lethally poisoned (-1 -> -14), resistant, somewhat resistant to
hostile enchantments, extremely unstealthy
A: icy blue scales 2, agile 1, cold resistance 1, deformed body, fire resistance
1, low mp 1, spit poison 1, rot immunity
a: Spit Poison, Depart the Abyss, Bend Space, Banish, Corrupt, Renounce Religion


You were on level 6 of the Dungeon.
You worshipped Lugonu.
Lugonu was greatly pleased with you.
You were not hungry.

You visited 1 branch of the dungeon, and saw 7 of its levels.
You visited the Abyss 1 time.

You collected 350 gold pieces.
You spent 116 gold pieces at shops.

Inventory:

Hand Weapons
 a - a +0 battleaxe
 z - a cursed +4 flail of crushing
 F - a +0 broad axe of electrocution (weapon)
Missiles
 s - 11 javelins (quivered)
Armour
 k - a +0 plate armour (worn)
 l - a +0 cloak (worn)
Jewellery
 d - an uncursed ring of fire
 m - a ring of protection from magic (right hand)
 C - a ring of see invisible (left hand)
Wands
 x - a wand of confusion (27)
 D - a wand of cold (3)
Scrolls
 b - a scroll of fog {unknown}
 e - 5 scrolls of identify
 f - 2 scrolls of blinking {unknown}
 g - a scroll of enchant armour {unknown}
 h - a scroll of magic mapping {unknown}
 i - 2 scrolls of teleportation {unknown}
 j - 3 scrolls of fear {unknown}
 p - a scroll of enchant weapon {unknown}
 q - a scroll of random uselessness {unknown}
 r - 3 scrolls of remove curse {unknown}
 u - a scroll of noise {unknown}
 y - 2 scrolls of amnesia {unknown}
 B - a scroll of recharging {unknown}
Potions
 o - 3 potions of might
 v - a potion of degeneration
 w - 2 potions of resistance
Books
 E - a book of Enchantments

   Spells                             Type                      Level
   a - Cause Fear                     Hexes                        4
   b - Silence                        Hexes/Air                    5
   c - Deflect Missiles               Charms/Air                   6
   d - Haste                          Charms                       6
   e - Discord                        Hexes                        8
Comestibles
 c - a bread ration
 t - 3 meat rations
 A - a chunk of flesh


   Skills:
 + Level 5.9 Fighting
 + Level 5.3 Axes
 + Level 0.3 Throwing
 * Level 8.3 Armour
 + Level 2.5 Dodging
 + Level 1.6 Stealth
 + Level 3.1 Invocations


You had 8 spell levels left.
You didn't know any spells.

Dungeon Overview and Level Annotations

Branches:
Dungeon (7/15)             Temple (0/1) D:4

Altars:
Ashenzari
Fedhas
Sif Muna
Trog
Yredelemnul
The Shining One

Shops:
D:4 :   D:6 (

Annotations:
Abyss:1 Grinder


Innate Abilities, Weirdness & Mutations

You are mostly covered in icy blue scales (AC +3, EV -1).
Your flesh is cold resistant.
You are immune to rotting.
You are agile. (Dex +2)
Armour fits poorly on your strangely shaped body.
Your flesh is heat resistant.
Your magical capacity is low (-10% MP).
You can spit weak poison.


Message History

* * * LOW HITPOINT WARNING * * *
You feel sick. The killer bee barely misses you.
The killer bee stings you but does no damage.
Drink which item? (? for menu, Esc to quit)
It was a potion of resistance.
You feel protected.
* * * LOW HITPOINT WARNING * * *
You feel sick. The killer bee barely misses you.
The killer bee barely misses you.
Drink which item? (? for menu, Esc to quit)
It was a potion of mutation.
You feel extremely strange.
You feel resistant to heat.
You shed all your fur.
* * * LOW HITPOINT WARNING * * *
You feel sick.
The killer bee stings you but does no damage. x2
Drink which item? (? for menu, Esc to quit)
Okay, then.
You slash the killer bee!
The killer bee is heavily wounded.
You die...

#....#...#...#....#..'....
####'############..##..#....
##.##.############..##..###..
#.............#.....##..###..
#.............#...÷......#...
#.............+..........#...
######..###'###.##'##.####.###.
#..########.###'##.##+####.###.
#............y@)........#....#.
#>...........†>.........'....#.
##.###..#############.#########
#####..###..##..####'#########
#....#........#.........'...
#....#........#.........#...
#....#....##..###'###.###<.#
#..#.###..##..##..###.###.)#
########..##..#....#.......[


You could see a killer bee.

Vanquished Creatures
  The ghost of CragHack the Gusty, a novice HEAE (D:6)
  Edmund (D:4)
  Duvessa (D:5)
  A sky beast (D:5)
  A black bear (D:6)
  A necrophage (D:5)
  A giant frog (D:4)
  Dowan (D:5)
  2 killer bees (D:6)
  6 wights (D:6)
  A crimson imp (D:6)
  4 orc priests
  Crazy Yiuf (D:5)
  3 hounds
  3 orc wizards
  2 giant frog skeletons (D:5)
  2 iguanas
  4 worker ants
  A hound zombie (D:5)
  A worker ant zombie (D:5)
  3 gnolls (D:5)
  11 adders
  2 shadow imps (D:6)
  An ooze (D:3)
  2 adder zombies (D:6)
  2 worms
  2 giant geckos
  15 orcs
  2 giant cockroaches
  14 goblins
  11 hobgoblins
  12 jackals
  3 ball pythons (D:3)
  4 bats
  6 giant newts
  A jackal skeleton (D:4)
  5 kobolds
  2 quokkas
  A quokka skeleton (D:6)
  4 rats
141 creatures vanquished.

Vanquished Creatures (others)
  An ogre (D:5)
  A fungus (D:5)
2 creatures vanquished.

Grand Total: 143 creatures vanquished

Notes
Turn   | Place    | Note
--------------------------------------------------------------
     0 | Abyss:1  | Gargoyl the Demonspawn Abyssal Knight began the quest for the Orb.
     0 | Abyss:1  | Reached XP level 1. HP: 18/18 MP: 2/2
    11 | Abyss:1  | Found a corrupted altar of Lugonu.
    37 | Abyss:1  | Found a burning altar of Makhleb.
    42 | Abyss:1  | Noticed a sun demon
    47 | Abyss:1  | Noticed a worldbinder
    54 | D:1      | Escaped the Abyss
   855 | D:1      | Reached skill level 1 in Dodging
   855 | D:1      | Gained mutation: You are partially covered in icy blue scales (AC +1). [demonic ancestry]
   855 | D:1      | Reached XP level 2. HP: 21/24 MP: 3/3
   893 | D:1      | Reached * piety under Lugonu
  1474 | D:2      | Reached XP level 3. HP: 29/29 MP: 5/5
  2300 | D:3      | Reached ** piety under Lugonu
  2368 | D:3      | Found a bloodstained altar of Trog.
  2395 | D:3      | Found a basalt altar of Yredelemnul.
  2396 | D:3      | Found a shattered altar of Ashenzari.
  2643 | D:3      | Found a glowing golden altar of the Shining One.
  2679 | D:3      | Gained mutation: You are immune to rotting. [demonic ancestry]
  2679 | D:3      | Reached XP level 4. HP: 36/36 MP: 6/6
  2741 | D:3      | Found a deep blue altar of Sif Muna.
  2819 | D:4      | Found Ussufa Uxkag's Book Shop.
  2898 | D:4      | Found a staircase to the Ecumenical Temple.
  2977 | D:4      | Reached XP level 5. HP: 17/42 MP: 7/7
  3290 | D:4      | Noticed Edmund
  3318 | D:4      | Killed Edmund
  3318 | D:4      | Reached skill level 4 in Fighting
  3318 | D:4      | Reached XP level 6. HP: 26/48 MP: 8/8
  4339 | D:4      | Noticed a giant frog
  4354 | D:4      | Killed a giant frog
  4354 | D:4      | Reached *** piety under Lugonu
  4511 | D:5      | Entered Level 5 of the Dungeon
  4632 | D:5      | Gained mutation: You are mostly covered in icy blue scales (AC +3, EV -1). [demonic ancestry]
  4632 | D:5      | Reached XP level 7. HP: 47/54 MP: 9/9
  4708 | D:5      | Noticed Crazy Yiuf
  4726 | D:5      | Killed Crazy Yiuf
  4726 | D:5      | Reached skill level 5 in Armour
  4801 | D:5      | Gained mutation: You are frail (-10% HP). [mutagenic glow]
  4888 | D:5      | Noticed Grinder
  4892 | D:5      | Paralysed by Grinder for 6 turns
  4899 | D:5      | Lost mutation: You are frail (-10% HP). [potion of cure mutation]
  4902 | D:5      | Paralysed by Grinder for 4 turns
  4911 | D:5      | Banished Grinder
  4911 | D:5      | Reached skill level 1 in Stealth
  5247 | D:5      | Noticed Duvessa
  5253 | D:5      | Noticed Dowan
  5274 | D:5      | Killed Duvessa
  5329 | D:5      | Reached skill level 6 in Armour
  5343 | D:5      | Killed Dowan
  5343 | D:5      | Gained mutation: Your flesh is cold resistant. [demonic ancestry]
  5343 | D:5      | Reached XP level 8. HP: 39/61 MP: 10/10
  5549 | D:5      | Reached skill level 5 in Fighting
  5570 | D:5      | Gained mutation: You can spit weak poison. [mutagenic meat]
  5571 | D:5      | Gained mutation: Armour fits poorly on your strangely shaped body. [mutagenic meat]
  5572 | D:5      | Gained mutation: You are covered in fur (AC +1). [mutagenic meat]
  5573 | D:5      | Gained mutation: You are agile. (Dex +2) [mutagenic meat]
  5574 | D:5      | Gained mutation: Your magical capacity is low (-10% MP). [mutagenic meat]
  6364 | D:6      | Found a blossoming altar of Fedhas.
  6915 | D:6      | Reached skill level 7 in Armour
  7266 | D:6      | Reached **** piety under Lugonu
  7439 | D:6      | Noticed CragHack's ghost (novice HEAE)
  7467 | D:6      | Killed CragHack's ghost
  7467 | D:6      | Reached skill level 5 in Axes
  7735 | D:6      | Reached XP level 9. HP: 63/69 MP: 10/10
  7982 | D:6      | Found Kyerphi's Antique Weapon Boutique.
  7995 | D:6      | Bought a runed broad axe for 116 gold pieces
  8082 | D:6      | Reached skill level 8 in Armour
  8278 | D:6      | HP: 3/69 [poisoned by a killer bee]
  8280 | D:6      | Gained mutation: Your flesh is heat resistant. [potion of mutation]
  8280 | D:6      | Lost mutation: You are covered in fur (AC +1). [potion of mutation]
  8280 | D:6      | HP: 1/69 [poisoned by a killer bee]
  8281 | D:6      | Succumbed to a killer bee's poison

Action                   |  1- 3 |  4- 6 |  7- 9 || total
-------------------------+-------+-------+-------++-------
Melee: Hand axe          |   182 |   193 |   327 ||   702
       Battleaxe         |       |       |   109 ||   109
       Broad axe         |       |       |    24 ||    24
Throw: Javelin           |       |       |     3 ||     3
Invok: Depart the Abyss  |     1 |       |       ||     1
       Banish            |       |       |     2 ||     2
 Abil: Spit Poison       |       |       |     7 ||     7
  Use: Potion            |       |     3 |     8 ||    11
       Scroll            |       |     1 |       ||     1
 Stab: Invisible         |       |       |     3 ||     3
  Eat: Chunk             |     6 |     7 |     9 ||    22
       Bread ration      |       |       |     3 ||     3
